AoeStats
← oscarugoster

Black Forest

509473344Analyzed
4v4 RM · 5d ago on Sep 26, 2026· 49m 4s· 8 players
Game mode
Random Map
Map size
Large (8 player)
Population
200
Speed
Normal
Resources
Standard
Victory
Conquest
Starting age
Dark Age
Ending age
Imperial Age
RankedLock teamsTeams togetherTeam positionsShared explorationLock speedFull tech treeHidden civsTurbo modeCheats
Victory
Defeat
🇹🇷 Cumans · Türkiye
825
+21
🇹🇷 Bohemians · Türkiye
804
+14
🇨🇾 Teutons · Cyprus
759
+16
🇹🇷 Burgundians · Türkiye
743
+17
🇨🇴 Wu · Colombia
805
-18
🇨🇴 Celts · Colombia
768
-15
🇨🇴 Celts · Colombia
747
-14
🇨🇴 Saracens · Colombia
720
-13
oscarugoster
0:31 Loom
14:06 Feudal Age
15:32 Wheelbarrow
14:48 Double-Bit Axe
16:00 Horse Collar
17:24 Gold Mining
22:44 Castle Age
21:52 Stone Mining
22:22 Scale Mail Armor
22:33 Forging
24:02 Hand Cart
25:29 Stone Shaft Mining
27:51 Gold Shaft Mining
27:59 Heavy Plow
30:10 Fletching
30:21 Padded Archer Armor
31:08 Stronghold
31:34 Murder Holes
32:00 Ballistics
32:36 Masonry
33:13 Bow Saw
33:14 Bodkin Arrow
34:24 Fortified Wall
38:46 Imperial Age
39:45 Heavy Scorpion
42:23 Chemistry
41:29 Siege Engineers
42:04 Pikeman
42:29 Arson
43:03 Halberdier
44:07 Chain Mail Armor
44:28 Iron Casting
44:39 Gambesons
SebasOcampo72
0:47 Loom
15:17 Feudal Age
16:04 Double-Bit Axe
22:54 Castle Age
25:13 Bow Saw
26:15 Bloodlines
26:19 Forging
28:38 Iron Casting
28:48 Horse Collar
30:37 Husbandry
33:43 Wheelbarrow
33:04 Gold Mining
46:31 Light Cavalry
FEGO
3:23 Loom
14:00 Feudal Age
14:36 Town Watch
22:18 Castle Age
20:16 Gold Mining
20:16 Stone Mining
20:31 Double-Bit Axe
21:44 Horse Collar
24:35 Wheelbarrow
24:25 Bow Saw
30:09 Heavy Plow
30:20 Pikeman
31:02 Squires
32:15 Hand Cart
33:09 Fervor
36:58 Imperial Age
36:19 Caravan
38:49 Padded Archer Armor
39:00 Forging
38:41 Fletching
38:57 Murder Holes
40:03 Chemistry
39:24 Ballistics
38:41 Elite Fire Archer
39:43 Conscription
40:23 Sitting Tiger
40:47 Leather Archer Armor
41:08 Iron Casting
45:31 Blast Furnace
44:27 Bodkin Arrow
45:23 Halberdier
gabrielnaranjo567
0:33 Loom
18:46 Feudal Age
24:20 Castle Age
22:41 Double-Bit Axe
28:11 Wheelbarrow
34:50 Stone Mining
36:40 Hand Cart
39:51 Imperial Age
38:10 Arson
37:46 Pikeman
41:04 Halberdier
yasar.devrim
2:55 Loom
11:26 Feudal Age
12:30 Town Watch
16:34 Castle Age
15:27 Double-Bit Axe
19:46 Horse Collar
28:09 Heavy Plow
32:33 Imperial Age
29:49 Town Watch
30:40 Wheelbarrow
30:17 Bow Saw
30:41 Scale Barding Armor
30:50 Fletching
31:04 Gold Mining
33:18 Chain Barding Armor
33:04 Cavalier
34:04 Forging
34:37 Bloodlines
35:07 Conscription
34:48 Paladin
36:31 Plate Barding Armor
40:22 Light Cavalry
41:43 Hussar
43:25 Iron Casting
44:47 Capped Ram
47:07 Blast Furnace
Hyper Fury
0:33 Loom
15:10 Wheelbarrow
14:40 Double-Bit Axe
14:43 Horse Collar
17:56 Feudal Age
18:54 Bow Saw
20:53 Heavy Plow
25:56 Gold Mining
25:57 Stone Mining
28:00 Gold Shaft Mining
28:01 Stone Shaft Mining
27:16 Arson
30:25 Castle Age
31:16 Forging
30:56 Fletching
31:07 Padded Archer Armor
31:07 Scale Mail Armor
31:13 Scale Barding Armor
32:30 Two-Man Saw
33:20 Pikeman
34:00 Squires
34:07 Squires
33:31 Elite Skirmisher
36:26 Hand Cart
35:56 Town Watch
36:02 Crossbowman
36:05 Light Cavalry
36:06 Cavalier
36:47 Husbandry
38:06 Coinage
37:53 Guilds
37:48 Caravan
37:41 Treadmill Crane
38:01 Murder Holes
38:42 Ballistics
44:15 Imperial Age
43:16 Town Patrol
44:44 Crop Rotation
44:24 Halberdier
44:26 Paladin
45:18 Burgundian Vineyards
45:34 Conscription
46:56 Hoardings
46:12 Arrowslits
46:17 Guard Tower
46:42 Fortified Wall
47:16 Banking
49:05 Chain Barding Armor
49:00 Chain Mail Armor
49:20 Iron Casting
48:57 Bodkin Arrow
49:18 Leather Archer Armor
49:16 Masonry
50:06 Chemistry
CAN GÖÇER
0:28 Loom
11:59 Feudal Age
12:36 Horse Collar
12:46 Double-Bit Axe
12:55 Gold Mining
12:59 Town Watch
18:07 Wheelbarrow
23:42 Castle Age
23:34 Stone Mining
26:08 Bow Saw
26:35 Heavy Plow
27:21 Stone Shaft Mining
27:47 Caravan
28:03 Town Patrol
30:03 Hand Cart
31:37 Coinage
31:33 Fortified Wall
36:38 Imperial Age
34:38 Bloodlines
34:57 Ballistics
34:49 Masonry
36:34 Scale Barding Armor
36:30 Scale Mail Armor
36:40 Forging
36:21 Fletching
36:32 Padded Archer Armor
37:50 Crop Rotation
38:25 Chemistry
39:26 Two-Man Saw
39:40 Banking
39:21 Guilds
39:38 Cavalier
40:46 Chain Barding Armor
40:31 Sappers
41:22 Conscription
42:13 Ironclad
42:14 Crenellations
41:58 Arrowslits
42:18 Paladin
43:44 Iron Casting
44:27 Plate Barding Armor
44:08 Chain Mail Armor
45:30 Blast Furnace
46:15 Elite Teutonic Knight
48:00 Hoardings
48:29 Plate Mail Armor
47:55 Bodkin Arrow
Knights Hospitaller
0:30 Loom
14:12 Feudal Age
15:00 Double-Bit Axe
17:39 Horse Collar
23:18 Castle Age
21:58 Fletching
26:16 Bow Saw
30:31 Wheelbarrow
32:03 Fortified Wall
32:05 Masonry
32:56 Chemistry
32:14 Heavy Plow
33:30 Bodkin Arrow
33:36 Padded Archer Armor
36:56 Imperial Age
35:37 Leather Archer Armor
35:47 Ballistics
38:32 Architecture
38:18 Bracer
38:50 Ring Archer Armor
39:05 Town Watch
40:34 Two-Man Saw
41:41 Wagenburg Tactics
41:58 Conscription
42:18 Hand Cart
42:07 Pikeman
42:48 Squires
43:42 Halberdier
44:54 Forging
44:44 Scale Mail Armor
45:58 Arson
46:29 Elite Hussite Wagon
49:31 Iron Casting
49:12 Chain Mail Armor
49:13 Murder Holes
49:25 Scale Barding Armor
48:47 Capped Ram
Connection lost

Rejoining the realm…

Still unreachable

The connection could not be restored.

Session expired

The server has moved on; the page needs a fresh start.